 Dungeon Crawl Stone Soup version 0.16-a0-249-g5922f4d (webtiles) character file.

13613 Herrn the Conjurer (level 12, 0/67 HPs)
             Began as a Gargoyle Fire Elementalist on Aug 22, 2014.
             Was an Elder of Vehumet.
             Slain by a minotaur
             ... wielding a +4 vampiric long sword
              (9 damage)
             ... in a labyrinth.
             The game lasted 01:45:33 (18646 turns).

Herrn the Conjurer (Gargoyle Fire Elementalist)    Turns: 18646, Time: 01:45:34

HP   0/67        AC 17     Str 12      XL: 12   Next:  7%
MP   0/29        EV 12     Int 26      God: Vehumet [****..]
Gold 689         SH  4     Dex 10      Spells:  8 memorised,  5 levels left

rFire  + . .     SeeInvis .     l - +1 flail (holy)
rCold  + . .     Clarity  .     x - +2 leather armour {rC+}
rNeg   + . .     rCorr    .     H - +0 buckler
rPois  +         rRot     +     s - +2 helmet {rC+}
rElec  +         Spirit   .     g - +0 cloak
SustAb .         Warding  .     (no gloves)
rMut   +         Stasis   .     (no boots)
Gourm  .                        v - cursed amulet of resist mutation
MR     .....                    f - ring of fire
                                D - +5 ring of intelligence

@: not resistant to hostile enchantments, unstealthy
A: negative energy resistance 1, electricity resistance, unbreathing,
petrification resistance, rot immunity, AC +8
a: Renounce Religion


You were in a labyrinth.
You worshipped Vehumet.
Vehumet was greatly pleased with you.
You were not hungry.

You visited 3 branches of the dungeon, and saw 13 of its levels.
You also visited: Labyrinth, Sewer and Ice Cave.

You collected 788 gold pieces.
You spent 99 gold pieces at shops.

Inventory:

Hand weapons
 l - a +1 flail of holy wrath (weapon)
 m - a +1 whip of flaming
 r - the +7 quarterstaff "Gragewag" {drain, Str+2}
   (You found it on level 11 of the Dungeon)

   A truly terrible weapon, it drains the life of those it strikes.
   It affects your strength (+2).
 y - a cursed -1 whip
 I - a +0 morningstar of crushing
 N - a cursed +1 flail of freezing
Armour
 g - a +0 cloak (worn)
 q - a steam dragon hide
 s - a +2 helmet of cold resistance (worn)
 x - a +2 leather armour of cold resistance (worn)
 A - a +1 robe of cold resistance
 G - a troll hide
 H - a +0 buckler (worn)
 R - a +0 robe of positive energy
Magical devices
 a - a wand of random effects (10)
 n - a wand of slowing (8)
 p - a wand of fire (3)
Comestibles
 c - 3 bread rations
 E - 2 royal jellies
 O - a meat ration
Scrolls
 e - 11 scrolls of teleportation
 o - 6 scrolls of remove curse
 F - a scroll of enchant weapon
 J - a scroll of brand weapon
Jewellery
 f - a ring of fire (right hand)
 t - a +1 ring of evasion
 v - a cursed amulet of resist mutation (around neck)
 B - a +3 ring of slaying {unknown}
 D - a +5 ring of intelligence (left hand)
Potions
 d - a potion of might
 C - a potion of cancellation
 K - a potion of restore abilities {unknown}
Books
 b - a book of Flames

   Spells                             Type                      Level
   *Flame Tongue                      Conjuration/Fire             1
   *Throw Flame                       Conjuration/Fire             2
   Conjure Flame                      Conjuration/Fire             3
   Inner Flame                        Hexes/Fire                   3
   *Sticky Flame                      Conjuration/Fire             4
   *Fireball                          Conjuration/Fire             5
 j - a book of Frost

   Spells                             Type                      Level
   Freeze                             Ice                          1
   *Throw Frost                       Conjuration/Ice              2
   Ozocubu's Armour                   Charms/Ice                   3
   *Throw Icicle                      Conjuration/Ice              4
   Summon Ice Beast                   Ice/Summoning                4
   Condensation Shield                Ice                          4
 w - a book of Ice

   Spells                             Type                      Level
   Metabolic Englaciation             Hexes/Ice                    5
   Ozocubu's Refrigeration            Ice                          6
   Bolt of Cold                       Conjuration/Ice              6
   Freezing Cloud                     Conjuration/Ice/Air          6
   Simulacrum                         Ice/Necromancy               6
 L - a Necronomicon {highlevel, unknown}

   This book is beyond your current level of understanding.

   Spells                             Type                      Level
   Haunt                              Necromancy/Summoning         7
   Borgnjor's Revivification          Necromancy                   8
   Death's Door                       Charms/Necromancy            8
   Necromutation                      Transmutation/Necromancy     8
 M - a book of Dreams

   Spells                             Type                      Level
   Ensorcelled Hibernation            Hexes/Ice                    2
   Flight                             Charms/Air                   3
   Phase Shift                        Translocation                5
   Shadow Creatures                   Summoning                    5
   Mass Confusion                     Hexes                        6
   Darkness                           Hexes                        7
Miscellaneous
 h - a lantern of shadows
 i - a disc of storms
 k - a plain deck of summonings
 u - a plain deck of destruction


   Skills:
 + Level 4.4 Fighting
 + Level 5.2 Dodging
 - Level 2.1 Stealth
 + Level 3.9 Shields
 * Level 9.0 Spellcasting
 - Level 14.7 Conjurations
 - Level 3.4 Fire Magic
 - Level 2.0 Ice Magic


You had 5 spell levels left.
You knew the following spells:

 Your Spells              Type           Power        Failure   Level  Hunger
a - Flame Tongue          Conj/Fire      #####        1%          1    None
b - Throw Flame           Conj/Fire      ######       1%          2    None
c - Sticky Flame          Conj/Fire      ######..     1%          4    #......
d - Throw Frost           Conj/Ice       ####..       1%          2    None
e - Sting                 Conj/Pois      ####         1%          1    None
f - Fireball              Conj/Fire      ######....   1%          5    ###....
g - Throw Icicle          Conj/Ice       ####....     1%          4    #......
i - Iskenderun's Battles  Conj/Chrm      ######..     2%          5    ###....


Dungeon Overview and Level Annotations

Branches:
Dungeon (11/15)            Temple (1/1) D:4            Lair (1/8) D:10
    Orc: D:9-12

Altars:
Ashenzari
Cheibriados
Dithmenos
Elyvilon
Fedhas
Gozag
Kikubaaqudgha
Makhleb
Nemelex Xobeh
Okawaru
Qazlal
Sif Muna
Trog
Vehumet
Xom
Yredelemnul
Zin
The Shining One

Shops:
D:6 (   D:8 ?%   D:9 [

Annotations:
D:8 hackum's ghost, experienced FoFi


Innate Abilities, Weirdness & Mutations

You are resistant to torment.
You are immune to poison.
Your stone body is very resilient (AC +8).
You resist negative energy.
You are resistant to electric shocks.
You can survive without breathing.
You are immune to petrification.
You are immune to rotting.


Message History

The minotaur is moderately wounded.
The minotaur is covered in liquid flames!
The minotaur burns!
The minotaur hits you with a runed long sword.
* * * LOW HITPOINT WARNING * * *
The minotaur closely misses you.
The minotaur burns!
The minotaur burns!
The minotaur stops burning.
Casting: Sticky Flame
Confirm with . or Enter, or press ? or * to list all spells.
Aiming: Sticky Flame
Press: ? - help, Shift-Dir - straight line, f/p - minotaur
Aim: a minotaur, wielding a runed long sword and wearing the +27 Lear's hauberk (heavily wounded)
You feel a surge of power!
The sticky flame hits the minotaur.
The minotaur appears unharmed.
The minotaur is heavily wounded.
The minotaur is covered in liquid flames!
The minotaur burns!
The minotaur hits you with a runed long sword!
You die...

..▓ # #.# ..# . ..▓
. # #.# # ##.▓ ▓ # #
..#. #..▓ ▓ ####.#.#
#..# ........#
#..#######. #### .
#.####.............
. #
#.....#H....#.......
. #####.#@###.#.###
### #.......# #.# .
. #.###.### ### ## #
#.# . ### ###


You could see a minotaur (burning).

Vanquished Creatures
  A hydra (D:11)
  Nergalle (D:11)
  An ice statue (IceCv)
  Pikel (D:8)
  A necromancer (IceCv)
  A gargoyle (D:10)
  A komodo dragon (D:10)
  10 freezing wraiths (IceCv)
  A troll (D:11)
  A two-headed ogre (D:9)
  5 yaks (D:11)
  A steam dragon (D:9)
  A hungry ghost (D:8)
  4 hippogriffs
  Edmund (D:6)
  A mottled dragon (D:10)
  A water moccasin (D:10)
  4 orc warriors
  A black bear (D:9)
  A yellow wasp (D:10)
  2 slaves (D:8)
  9 ice beasts
  A soldier ant (D:11)
  3 sky beasts
  A phantom (D:7)
  3 ogres
  An alligator simulacrum (IceCv)
  2 centaurs (D:7)
  A necrophage (D:9)
  A big kobold (D:10)
  Duvessa (D:6)
  6 giant frogs
  A komodo dragon skeleton (D:10)
  3 scorpions
  A cyclops skeleton (D:11)
  9 killer bees
  5 electric eels
  4 wights (D:11)
  2 yak skeletons
  Dowan (D:6)
  A centaur zombie (D:7)
  2 goliath beetles
  A quasit (D:6)
  2 crimson imps (D:10)
  6 draconian simulacra (IceCv)
  4 jellies
  Crazy Yiuf (D:5)
  2 orc priests
  A centaur skeleton (D:10)
  3 hounds
  5 iguanas
  5 orc wizards
  2 polar bear simulacra (IceCv)
  3 worker ants
  2 centaur simulacra (IceCv)
  9 troll simulacra (IceCv)
  A wolf simulacrum (IceCv)
  Ijyb (D:2)
  An ogre zombie (D:8)
  A mummy (D:10)
  13 adders
  3 ogre simulacra (IceCv)
  An orc zombie (D:8)
  6 gnolls
  An orc skeleton (D:8)
  12 white imps (IceCv)
  3 shadow imps
  3 giant mites (Sewer)
  3 worms
  An iguana skeleton (D:7)
  8 giant geckos
  2 oozes
  35 orcs
  2 ball pythons (Sewer)
  13 bats
  12 goblins
  12 hobgoblins
  7 jackals
  7 quokkas
  6 giant cockroaches
  8 giant newts
  2 giant spores (D:6)
  A hobgoblin skeleton (D:4)
  A jackal zombie (D:7)
  18 kobolds
  16 rats
  5 ballistomycetes (D:6)
350 creatures vanquished.

Notes
Turn   | Place    | Note
--------------------------------------------------------------
     0 | D:1      | Herrn, the Gargoyle Fire Elementalist, began the quest for the Orb.
     0 | D:1      | Reached XP level 1. HP: 10/10 MP: 3/3
   290 | D:1      | Reached XP level 2. HP: 1/15 MP: 0/4
   711 | D:1      | Learned a level 2 spell: Throw Flame
  1428 | D:1      | Reached XP level 3. HP: 19/19 MP: 4/6
  2071 | D:2      | Noticed Ijyb
  2116 | D:2      | Reached XP level 4. HP: 24/24 MP: 0/8
  2161 | D:2      | Killed Ijyb
  2427 | D:2      | Learned a level 4 spell: Sticky Flame
  2675 | D:2      | Found a shattered altar of Ashenzari.
  3086 | D:3      | Learned a level 2 spell: Throw Frost
  3127 | D:3      | Found a shimmering altar of Xom.
  3366 | D:3      | Reached XP level 5. HP: 17/28 MP: 4/11
  3981 | D:4      | Found a staircase to the Ecumenical Temple.
  4049 | D:4      | Found a glowing drain.
  4054 | Sewer    | Entered a sewer
  4076 | Sewer    | Reached skill level 1 in Ice Magic
  4512 | Sewer    | Reached XP level 6. HP: 33/33 MP: 9/13
  4570 | Sewer    | Reached skill level 4 in Conjurations
  5028 | Temple   | Entered the Ecumenical Temple
  5054 | Temple   | Became a worshipper of Vehumet
  5423 | D:4      | Reached XP level 7. HP: 37/37 MP: 10/17
  5667 | D:5      | Entered Level 5 of the Dungeon
  5673 | D:5      | Reached skill level 5 in Conjurations
  5924 | D:5      | Found a shadowy altar of Dithmenos.
  6404 | D:5      | Noticed Crazy Yiuf
  6409 | D:5      | Killed Crazy Yiuf
  6569 | D:6      | Reached skill level 6 in Conjurations
  6681 | D:6      | Noticed Duvessa
  6695 | D:6      | Noticed Dowan
  6695 | D:6      | Killed Duvessa
  6933 | D:6      | Killed Dowan
  7120 | D:6      | Reached skill level 7 in Conjurations
  7120 | D:6      | Reached XP level 8. HP: 42/42 MP: 0/18
  7169 | D:6      | Found a bloodstained altar of Trog.
  7236 | D:6      | Found Mnium's Antique Weapon Emporium.
  7523 | D:6      | Noticed Edmund
  7531 | D:6      | Killed Edmund
  7531 | D:6      | Reached skill level 8 in Conjurations
  7722 | D:6      | Acquired Vehumet's first power
  7722 | D:6      | Offered knowledge of Sting by Vehumet.
  7726 | D:6      | Learned a level 1 spell: Sting
  7734 | D:6      | Learned a level 5 spell: Fireball
  8838 | D:7      | Found a white marble altar of Elyvilon.
  9107 | D:7      | Found a burning altar of Makhleb.
  9194 | D:7      | Reached skill level 5 in Spellcasting
  9194 | D:7      | Reached skill level 9 in Conjurations
  9433 | D:7      | Reached XP level 9. HP: 46/46 MP: 18/21
  9780 | D:7      | Reached skill level 1 in Fighting
 10069 | D:8      | Noticed hackum's ghost (experienced FoFi)
 10280 | D:8      | Found Mnaagga's Magic Scroll Boutique.
 10639 | D:7      | Reached skill level 10 in Conjurations
 11836 | D:8      | Noticed Pikel
 11887 | D:8      | Found an iron altar of Okawaru.
 11888 | D:8      | Found a glowing golden altar of the Shining One.
 11894 | D:8      | Killed Pikel
 11894 | D:8      | Reached skill level 11 in Conjurations
 11896 | D:8      | Found Qielaik's Food Shop.
 12310 | D:9      | Reached XP level 10. HP: 56/56 MP: 18/24
 12438 | D:9      | Learned a level 4 spell: Throw Icicle
 12623 | D:9      | Offered knowledge of Shock by Vehumet.
 12712 | D:9      | Reached skill level 12 in Conjurations
 12939 | D:9      | Found Faecvaot's Antique Armour Shoppe.
 12948 | D:9      | Bought a buckler for 99 gold pieces
 13158 | D:10     | Entered Level 10 of the Dungeon
 13290 | D:10     | Reached skill level 1 in Shields
 14291 | D:10     | Offered knowledge of Searing Ray by Vehumet.
 14425 | D:10     | Found a staircase to the Lair.
 14679 | D:10     | Reached skill level 13 in Conjurations
 14881 | D:10     | Acquired Vehumet's second power
 15336 | D:11     | Got a bloodstained quarterstaff
 15374 | D:11     | Found a frozen archway.
 15382 | IceCv    | Entered an ice cave
 15388 | IceCv    | Reached XP level 11. HP: 49/60 MP: 21/25
 15403 | IceCv    | Offered knowledge of Mephitic Cloud by Vehumet.
 15542 | IceCv    | Learned a level 3 spell: Mephitic Cloud
 15547 | IceCv    | Identified the +7 quarterstaff "Gragewag" {drain, Str+2} (You found it on level 11 of the Dungeon)
 16096 | IceCv    | Reached skill level 14 in Conjurations
 16108 | IceCv    | Acquired Vehumet's third power
 16128 | IceCv    | Offered knowledge of Bolt of Draining by Vehumet.
 16354 | IceCv    | Noticed an ice statue
 16395 | IceCv    | Found an ancient bone altar of Kikubaaqudgha.
 16589 | IceCv    | Killed an ice statue
 16589 | IceCv    | Reached skill level 5 in Dodging
 16634 | IceCv    | Noticed a necromancer
 16652 | IceCv    | Killed a necromancer
 17177 | D:11     | Noticed a seven-headed hydra
 17180 | D:11     | Killed a seven-headed hydra
 17621 | D:11     | Noticed Nergalle
 17624 | D:11     | Killed Nergalle
 17681 | D:11     | Offered knowledge of Iskenderun's Battlesphere by Vehumet.
 17850 | D:11     | Learned a level 5 spell: Iskenderun's Battlesphere
 18014 | D:11     | Reached XP level 12. HP: 67/67 MP: 17/29
 18282 | Lair:1   | Entered Level 1 of the Lair of Beasts
 18315 | Lair:1   | Found a labyrinth entrance.
 18330 | Lab      | Entered a labyrinth
 18591 | Lab      | Noticed a minotaur
 18646 | Lab      | Slain by a minotaur

Action                   |  1- 3 |  4- 6 |  7- 9 | 10-12 || total
-------------------------+-------+-------+-------+-------++-------
Melee: Unarmed           |    22 |    17 |    92 |       ||   131
       Flail             |       |       |    17 |    16 ||    33
       Whip              |       |       |       |     2 ||     2
 Cast: Flame Tongue      |    69 |   165 |   159 |   362 ||   755
       Throw Flame       |       |     2 |   165 |    60 ||   227
       Sticky Flame      |       |       |    10 |     4 ||    14
       Throw Frost       |       |       |    10 |     9 ||    19
       Fireball          |       |       |     2 |    48 ||    50
       Sting             |       |       |     2 |     4 ||     6
       Throw Icicle      |       |       |       |    14 ||    14
       Mephitic Cloud    |       |       |       |     1 ||     1
Evoke: Wand              |       |     1 |     2 |     1 ||     4
  Use: Scroll            |       |     9 |    10 |     5 ||    24
       Potion            |       |       |     4 |     5 ||     9
  Eat: Chunk             |     4 |    10 |    14 |    15 ||    43
       Fruit             |       |       |     5 |     2 ||     7
       Beef jerky        |       |       |     2 |     2 ||     4
       Bread ration      |       |       |     1 |     2 ||     3
       Meat ration       |       |       |       |     1 ||     1
